 Dungeon Crawl Stone Soup version 0.30-b1-2-g02819fbbbe (webtiles) character file.

Game seed: 7330343577751416897

114 Azuregosa the Digger (level 4, 0/36 HPs)
             Began as a Troll Earth Elementalist on Oct 7, 2023.
             Slain by a gnoll
             ... wielding a +0 spear
              (6 damage)
             ... on level 3 of the Dungeon.
             The game lasted 00:19:26 (1872 turns).

Azuregosa the Digger (Troll Earth Elementalist)     Turns: 1872, Time: 00:19:30

Health: 0/36       AC:  4    Str: 18    XL:     4   Next: 66%
Magic:  4/5        EV: 10    Int: 11    God:
Gold:   85         SH:  0    Dex: 10    Spells: 0/6 levels left

rFire   . . .        n - +0 flail
rCold   . . .        (no shield)
rNeg    . . .        a - +0 robe
rPois   .            (helmet restricted)
rElec   .            (no cloak)
rCorr   .            (gloves unavailable)
SInv    .            (boots unavailable)
Will    .....        k - amulet of faith
Stlth   +            (no ring)
HPRegen 1.06/turn    (no ring)
MPRegen 0.09/turn

%: faith
@: unable to read
A: large, unfitting armour, claws 3, regeneration 1, shaggy fur 1, tough skin 1,
frail 1, sense surroundings 1, inability to read after injury 1
a: no special abilities


You were on level 3 of the Dungeon.
You visited 1 branch of the dungeon, and saw 3 of its levels.

You collected 85 gold pieces.

Inventory:

Hand Weapons
 h - a +0 mace
 n - a +0 flail (weapon)
Missiles
 g - 51 stones
Armour
 a - a +0 robe (worn)
Jewellery
 k - an amulet of faith (around neck)
Scrolls
 c - 3 scrolls of noise {unknown}
 f - 6 scrolls of identify {unknown}
 j - a scroll of poison {unknown}
 m - a scroll of enchant weapon {unknown}
Potions
 b - a potion of magic
 d - a potion of attraction {unknown}
 e - a potion of flight {unknown}
 i - a potion of mutation
 l - a potion of lignification {unknown}


   Skills:
 + Level 0.8 Fighting
 + Level 1.7 Maces & Flails
 + Level 2.0 Dodging
 + Level 1.3 Stealth
 + Level 1.5 Spellcasting
 + Level 0.9 Transmutations
 + Level 3.3 Earth Magic


You couldn't memorise any spells.
You knew the following spells:

 Your Spells              Type           Power      Damage    Failure   Level
a - Sandblast             Erth           16%        2d6       8%          1
b - Passwall              Tmut/Erth      4%         N/A       19%         2
c - Stone Arrow           Conj/Erth      8%         3d7       43%         3

Your spell library contained the following spells:

 Spells                   Type           Power      Damage    Failure   Level
 Necrotise                Necr           0%         1d4       30%         1
 Vampiric Draining        Necr           0%         2d6       67%         3
 Petrify                  Tmut/Erth      5%         N/A       77%         4
 Agony                    Necr           0%         N/A       100%        5


Dungeon Overview and Level Annotations

Branches:
Dungeon (3/15)

Altars:
Elyvilon

Shops:
D:3 ?


Innate Abilities, Weirdness & Mutations

You are too large for most types of armour.
You have claws for hands.
Your natural rate of healing is unusually fast.
You are covered in fur. (AC +1)
You have tough skin. (AC +1)
You are frail. (-10% HP)
You passively map a small area around you.
You occasionally lose the ability to read scrolls when taking damage.


Message History

The gnoll hits you with a +0 club.
You barely miss the gnoll. The gnoll hits you with a +0 club.
The gnoll hits you but does no damage.
You closely miss the gnoll.
The adder hisses angrily.
The gnoll hits you with a +0 club.
You hit the gnoll.
The gnoll is moderately wounded.
The gnoll closely misses you.
You sock the gnoll!
The gnoll is almost dead.
The gnoll hits you but does no damage. The gnoll closely misses you.
The gnoll hits you from afar with a +0 spear.
The gnoll closely misses you.
You hit the gnoll but do no damage.
The gnoll is almost dead.
The gnoll hits you from afar with a +0 spear!
The gnoll hits you but does no damage.
You hit the gnoll but do no damage.
The gnoll is almost dead.
The gnoll hits you from afar with a +0 spear.
The gnoll hits you with a +0 club.
You feel threatened and lose the ability to read scrolls!
You barely miss the gnoll.
The gnoll is almost dead.
The gnoll hits you from afar with a +0 spear.
The gnoll hits you with a +0 club.
* * * LOW HITPOINT WARNING * * *
The gnoll hits you from afar with a +0 spear.
* * * LOW HITPOINT WARNING * * *
The gnoll barely misses you.
Casting: Sandblast (safe; 8% risk of failure)
Confirm with . or Enter, or press ? or * to list all spells.
Aiming: Sandblast (safe; 8% risk of failure)
Press: ? - help, Shift-Dir - straight line, f - gnoll
Aim: a gnoll, wielding a +0 club (almost dead, 83% to hit)
The blast of sand hits the gnoll.
You kill the gnoll!
The gnoll hits you from afar with a +0 spear.
You die...

#....#####
#.# #....# ,,
#.# ###### ,
,####'### * ,
,#......# , ,
#......# * ,
,,,#......# *
, . , *
####.### * ,,
....#######.#
*
....Sg)@....#
*, *
....#########
, * * ,, ,. ,
* , * * ** *
* * ,*
........ * *
* ........ *
* ,, **
........ * ,
, ,, *
........ * *
, ........ *
, ,


You could see a gnoll and an adder.

Vanquished Creatures
  2 gnolls
  5 adders
  3 worms (D:2)
  A dart slug (D:2)
  3 ball pythons
  3 endoplasms (D:2)
  A giant cockroach (D:1)
  4 goblins
  5 hobgoblins
  6 jackals (D:1)
  5 quokkas
  A bat (D:3)
  2 frilled lizards
  2 kobolds (D:2)
  4 rats (D:1)
47 creatures vanquished.

Vanquished Creatures (others)
  A plant (D:2)
1 creature vanquished.

Grand Total: 48 creatures vanquished

Notes
Turn   | Place    | Note
-------+----------+-------------------------------------------
     0 | D:1      | Azuregosa the Troll Earth Elementalist began the quest for
                  | the Orb.
     0 | D:1      | Reached XP level 1. HP: 16/16 MP: 1/1
   164 | D:1      | Reached XP level 2. HP: 22/24 MP: 3/3
   220 | D:2      | Reached skill level 3 in Earth Magic
   531 | D:3      | Found Tese's Magic Scroll Boutique.
   737 | D:1      | Reached XP level 3. HP: 31/31 MP: 4/4
  1187 | D:2      | Found a white marble altar of Elyvilon.
  1204 | D:2      | Gained mutation: You occasionally lose the ability to read
                  | scrolls when taking damage. [potion of mutation]
  1204 | D:2      | Gained mutation: You are frail. (-10% HP) [potion of
                  | mutation]
  1204 | D:2      | Gained mutation: You passively map a small area around you.
                  | [potion of mutation]
  1306 | D:2      | Found a faded altar of an unknown god.
  1321 | D:2      | Reached skill level 1 in Maces & Flails
  1422 | D:2      | Reached XP level 4. HP: 36/36 MP: 5/5
  1533 | D:2      | Learned a level 2 spell: Passwall
  1537 | D:2      | Learned a level 3 spell: Stone Arrow
  1872 | D:3      | Slain by a gnoll

Illustrated notes

Levels and vault maps discovered:
D:1:      wander_arrival_estate, layout_basic
D:2:      layout_loops_ring, shapermc_ecumenical_altar_acropolis, basic_altar
D:3:      layout_basic, nicolae_gozag_cash_rules_everything_around_me,
          serial_shops, nicolae_shop_tiny_glass, uniq_sigmund

Skill      XL: |  1  2  3  4 |
---------------+-------------+-----
Earth Magic    | 3 |  3.3
Maces & Flails | 1 |  1.7
Dodging        | 2 |  2.0
Fighting       | |  0.8
Stealth        | |  1.3
Spellcasting   | |  1.5
Transmutations | |  0.9

Action                     |  1- 3 |  4- 6 || total
---------------------------+-------+-------++-------
  Melee: Unarmed           |    22 |       ||    22
         Mace              |    98 |    27 ||   125
         Punch             |     2 |       ||     2
         Flail             |       |    27 ||    27
   Cast: Sandblast         |     6 |     3 ||     9
    Use: Potion            |     2 |       ||     2
   Stab: Sleeping          |     1 |     1 ||     2
 Armour: Robe              |    44 |    10 ||    54
  Dodge: Dodged            |    47 |    39 ||    86
